 Dungeon Crawl Stone Soup version 0.18.1-8-gdd0e5ea (webtiles) character file.

1027 Peloso the Shield-Bearer (level 8, -9/69 HPs)
             Began as a Minotaur Fighter on June 2, 2016.
             Mangled by Prince Ribbit (10 damage)
             ... on level 5 of the Dungeon.
             The game lasted 00:15:33 (4009 turns).

Peloso the Shield-Bearer (Minotaur Fighter)         Turns: 4009, Time: 00:15:34

Health: -9/69      AC: 16    Str: 25 (26) XL:     8   Next: 3%
Magic:  7/7        EV:  7    Int:  4 (5)  God:
Gold:   238        SH: 10    Dex:  6 (12) Spells: 0 memorised, 7 levels left

rFire  + . .     SeeInvis .     a - +0 long sword
rCold  + . .     Gourm    .     v - +0 chain mail
rNeg   . . .     Faith    .     c - +0 shield
rPois  +         Spirit   .     (helmet restricted)
rElec  +         Dismiss  .     (no cloak)
rCorr  +         Reflect  .     (no gloves)
SustAt .         Harm     .     (no boots)
MR     .....                    (no amulet)
Stlth  ..........               (no ring)
                                o - +4 ring of protection

@: mighty, resistant, not resistant to hostile enchantments, extremely
unstealthy
A: retaliatory headbutt, horns 2, thin metallic scales 1, deterioration 1,
subdued magic 1
a: no special abilities


You were on level 5 of the Dungeon.
You were not hungry.

You visited 1 branch of the dungeon, and saw 5 of its levels.

You collected 238 gold pieces.

Inventory:

Hand Weapons
 a - a +0 long sword (weapon)
 k - a +1 short sword of speed
Armour
 b - a +0 scale mail
 c - a +0 shield (worn)
 v - a +0 chain mail (worn)
Jewellery
 o - a +4 ring of protection (left hand)
Scrolls
 e - a scroll of amnesia {unknown}
 h - a scroll of blinking
 l - 7 scrolls of remove curse
 p - 3 scrolls of identify {unknown}
 s - a scroll of enchant weapon {unknown}
 y - a scroll of immolation {unknown}
Potions
 d - 2 potions of might
 m - 2 potions of berserk rage
Comestibles
 f - 2 bread rations
 g - 2 meat rations
 i - a royal jelly
 j - a beef jerky
 n - a slice of pizza
 u - 2 chunks of flesh


   Skills:
 + Level 5.5 Fighting
 + Level 5.1 Long Blades
 + Level 6.1 Armour
 + Level 4.3 Dodging
 + Level 0.6 Stealth
 + Level 6.8 Shields


You had 7 spell levels left.
You didn't know any spells.

Dungeon Overview and Level Annotations

Branches:
Dungeon (5/15)
 Temple: D:4-7

Altars:
Ashenzari
Pakellas
Trog

Shops:
D:3 }   D:4 :

Annotations:
D:5 Prince Ribbit


Innate Abilities, Weirdness & Mutations

You reflexively headbutt those who attack you in melee.
You have a pair of horns on your head.
You are partially covered in thin metallic scales (AC +2).
Your body sometimes deteriorates upon taking damage.
Your spells are a little easier to cast, but a little less powerful.


Message History

You closely miss Prince Ribbit.
Prince Ribbit is moderately wounded.
Prince Ribbit hits you!
* * * LOW HITPOINT WARNING * * *
Your body deteriorates!
You feel clumsy.
You closely miss Prince Ribbit.
Prince Ribbit is moderately wounded.
You block Prince Ribbit's attack. Prince Ribbit completely misses you.
You slash Prince Ribbit! Your headbutt misses Prince Ribbit.
Prince Ribbit is heavily wounded.
Prince Ribbit hits you!
* * * LOW HITPOINT WARNING * * *
Prince Ribbit hits you!
* * * LOW HITPOINT WARNING * * *
Your body deteriorates!
You feel clumsy.
Drink which item? (? for menu, Esc to quit)
It was a potion of resistance.
You feel protected. Prince Ribbit hits you!
You die...

.# #. ####### # #.....#
#.....# .. #.....# ... .
#.....# ..# >. #.....#
#..# #.. #...F.##...#
##... #...@......#####..
#. #......#......... #.
#......#........## #.
###.##.#........)###.
#.. #....###.##))...
#####.###......#...####.
....(..........###.####.
.........#.....# #....#.
.........#####.######...


You could see Prince Ribbit.

Vanquished Creatures
  2 ogres
  A phantom (D:5)
  A gnoll sergeant (D:5)
  A howler monkey (D:5)
  A giant frog zombie (D:5)
  2 quasits
  A jelly (D:5)
  A gnoll shaman (D:5)
  5 orc wizards
  Ijyb (D:3)
  An iguana (D:5)
  2 worker ants (D:5)
  A hound skeleton (D:5)
  8 gnolls (D:5)
  7 adders
  2 shadow imps (D:5)
  4 worms
  A dart slug (D:1)
  2 giant geckos
  13 orcs
  6 giant cockroaches
  5 goblins
  10 hobgoblins
  4 jackals
  11 kobolds
  A quokka (D:3)
  2 ball pythons
  14 bats
  A giant gecko skeleton (D:4)
  3 giant newts
  10 rats
124 creatures vanquished.

Notes
Turn   | Place    | Note
--------------------------------------------------------------
     0 | D:1      | Peloso the Minotaur Fighter began the quest for the Orb.
     0 | D:1      | Reached XP level 1. HP: 19/19 MP: 0/0
   150 | D:1      | Reached XP level 2. HP: 22/27 MP: 1/1
   521 | D:1      | Reached XP level 3. HP: 33/33 MP: 2/2
  1152 | D:2      | Reached skill level 1 in Dodging
  1355 | D:3      | Reached XP level 4. HP: 40/40 MP: 3/3
  1575 | D:3      | Found a shattered altar of Ashenzari.
  1594 | D:3      | Noticed Ijyb
  1605 | D:3      | Killed Ijyb
  1643 | D:3      | Noticed an ogre
  1651 | D:3      | Killed an ogre
  1651 | D:3      | Reached skill level 5 in Shields
  1651 | D:3      | Reached XP level 5. HP: 9/47 MP: 4/4
  1988 | D:3      | Found an oddly glowing altar of Pakellas.
  1988 | D:3      | Found Pakellas's Prime Provisions.
  2039 | D:3      | Reached XP level 6. HP: 52/53 MP: 5/5
  2225 | D:3      | Noticed a moth of wrath
  2228 | D:3      | Found a bloodstained altar of Trog.
  2667 | D:4      | Found Itakye's Book Emporium.
  2900 | D:4      | Reached skill level 5 in Armour
  2901 | D:4      | Gained mutation: Your spells are a little easier to cast, but a little less powerful. [potion of mutation]
  2901 | D:4      | Gained mutation: You are partially covered in thin metallic scales (AC +2). [potion of mutation]
  2901 | D:4      | Gained mutation: Your body sometimes deteriorates upon taking damage. [potion of mutation]
  3585 | D:5      | Entered Level 5 of the Dungeon
  3595 | D:5      | Reached XP level 7. HP: 60/60 MP: 6/6
  3720 | D:5      | Reached skill level 5 in Fighting
  3901 | D:5      | Reached skill level 5 in Long Blades
  3977 | D:5      | Noticed Prince Ribbit
  3991 | D:5      | Reached XP level 8. HP: 45/69 MP: 7/7
  4008 | D:5      | HP: 1/69 [Prince Ribbit (8)]
  4009 | D:5      | Mangled by Prince Ribbit

Skill      XL: |  1  2  3  4  5  6  7 |
---------------+----------------------+-----
Armour         | 4 5 6 |  6.1
Shields        | 4 5 6 |  6.8
Fighting       | 4 5 |  5.5
Dodging        | 1 2 3 4 |  4.3
Long Blades    | 3 4 5 |  5.1
Stealth        | |  0.6

Action                   |  1- 3 |  4- 6 |  7- 9 || total
-------------------------+-------+-------+-------++-------
Melee: Long sword        |   123 |   179 |   134 ||   436
       Headbutt          |    25 |    24 |    24 ||    73
  Use: Potion            |       |     8 |     2 ||    10
       Scroll            |       |     1 |     1 ||     2
  Eat: Chunk             |     1 |     9 |     2 ||    12
Armor: Scale mail        |    60 |    67 |       ||   127
       Chain mail        |       |    38 |   107 ||   145
Dodge: Dodged            |    42 |    45 |    78 ||   165
Block: Shield            |    65 |   104 |   108 ||   277
